 Dungeon Crawl Stone Soup version 0.17.0-22-g5edae84 (webtiles) character file.

155 JudasIscariot the Skirmisher (level 5, 0/57 HPs)
             Began as an Ogre Abyssal Knight on Nov 12, 2015.
             Was a Believer of Lugonu.
             Slain by a sky beast (3 damage)
             ... on level 3 of the Dungeon.
             The game lasted 00:07:41 (2443 turns).

JudasIscariot the Skirmisher (Ogre Abyssal Knight)  Turns: 2443, Time: 00:07:41

Health: 0/57       AC:  3    Str: 17    XL:     5   Next: 37%
Magic:  7/7        EV: 10    Int: 12    God:    Lugonu [**....]
Gold:   40         SH:  0    Dex:  9    Spells: 0 memorised, 4 levels left

rFire  . . .     SeeInvis .     t - +0 flail
rCold  . . .     Clarity  .     b - +0 robe
rNeg   . . .     SustAt   .     (no shield)
rPois  .         Gourm    .     (helmet restricted)
rElec  .         Spirit   .     (no cloak)
rCorr  .         Warding  .     (gloves unavailable)
rMut   +         Stasis   .     (boots unavailable)
MR     .....                    l - amulet of resist mutation
Stlth  +.........               (no ring)
                                o - ring of flight

@: not resistant to hostile enchantments, very unstealthy
A: unfitting armour, tough skin 1
a: Depart the Abyss, Bend Space, Renounce Religion, Evoke Flight


You were on level 3 of the Dungeon.
You worshipped Lugonu.
Lugonu was pleased with you.
You were not hungry.

You visited 1 branch of the dungeon, and saw 3 of its levels.
You visited the Abyss 1 time.

You collected 40 gold pieces.

Inventory:

Hand Weapons
 a - a +1 mace
 t - a +0 flail (weapon)
Armour
 b - a +0 robe (worn)
Jewellery
 l - an amulet of resist mutation (around neck)
 o - a ring of flight (left hand)
Scrolls
 d - a scroll of enchant weapon {unknown}
 h - a scroll of magic mapping {unknown}
 i - a scroll of identify {unknown}
 j - 3 scrolls of fear {unknown}
 k - 2 scrolls of teleportation {unknown}
Potions
 e - a potion of invisibility {unknown}
 f - 2 potions of agility {unknown}
 g - a potion of haste
 r - 2 potions of degeneration {unknown}
Miscellaneous
 m - a plain deck of changes
Comestibles
 c - 3 bread rations
 p - a meat ration
 q - 5 fruits
 s - a chunk of flesh


   Skills:
 * Level 5.4 Fighting
 * Level 3.6 Maces & Flails
 * Level 3.5 Dodging
 + Level 0.3 Stealth
 * Level 2.7 Invocations


You had 4 spell levels left.
You didn't know any spells.

Dungeon Overview and Level Annotations

Branches:
Dungeon (3/15)

Altars:
Nemelex Xobeh


Innate Abilities, Weirdness & Mutations

You are too large for most types of armour.
You have tough skin (AC +1).


Message History

Something shocks you.
* * * LOW HITPOINT WARNING * * *
You see here a stone.
The kobold throws a stone.
The stone barely misses you.
You see here a stone.
The kobold barely misses you. The kobold hits you.
* * * LOW HITPOINT WARNING * * *
The kobold closely misses you.
The kobold throws a stone.
The stone closely misses you.
You see here a stone.
A bat comes into view.
You barely miss the bat. The bat barely misses you. The bat barely misses you.
Something hits you.
* * * LOW HITPOINT WARNING * * *
Something shocks you.
* * * LOW HITPOINT WARNING * * *
The bat closely misses you.
You barely miss the bat. The bat closely misses you. Something hits you.
You die...

#..#......#...#
#...##########
#..#.#....#.#.#
#.#...........
....ยง.....#.#.#
#...#.###.#.>#
####.#.#.##.#.#
###.#.# #...##
...#.#.##.#.# #.#.#
##### #.##.#.#....#.#
#.#.# # ###((((....#
..#.#
#######..##########.#
#..K{@b.......#
#...###########
#..... #.#.#.#
...#.#... #####.# .#
#.. .. #.# ##


You could see a bat and a kobold.

Vanquished Creatures
  An orc priest (D:3)
  7 adders
  2 worms (D:2)
  A giant gecko (D:1)
  5 orcs (D:3)
  6 bats
  2 giant cockroaches (D:1)
  7 goblins (D:1)
  4 hobgoblins
  4 jackals (D:1)
  7 kobolds
  2 giant newts
  7 rats
55 creatures vanquished.

Notes
Turn   | Place    | Note
--------------------------------------------------------------
     0 | Abyss:1  | JudasIscariot the Ogre Abyssal Knight began the quest for the Orb.
     0 | Abyss:1  | Reached XP level 1. HP: 24/24 MP: 2/2
    12 | Abyss:1  | Noticed a worldbinder
    13 | Abyss:1  | Noticed a snapping turtle
    15 | Abyss:1  | Noticed a merfolk
    22 | D:1      | Escaped the Abyss
    29 | D:1      | Noticed a hog
    29 | D:1      | Noticed an iguana
    29 | D:1      | Noticed a swamp drake
    30 | D:1      | Noticed a killer bee
    80 | D:1      | Reached * piety under Lugonu
    89 | D:1      | Reached XP level 2. HP: 21/33 MP: 3/3
   415 | D:1      | Reached XP level 3. HP: 17/41 MP: 4/4
   919 | D:2      | Found a sparkling altar of Nemelex Xobeh.
   951 | D:2      | Reached ** piety under Lugonu
  1057 | D:2      | Reached XP level 4. HP: 25/49 MP: 5/5
  1143 | D:2      | HP: 2/49 [adder (3)]
  1147 | D:2      | Reached skill level 5 in Fighting
  1181 | D:2      | HP: 2/50 [poisoned by an adder]
  1191 | D:2      | HP: 1/50 [poisoned by an adder]
  1196 | D:2      | HP: 1/50 [poisoned by an adder]
  2156 | D:3      | Reached XP level 5. HP: 44/57 MP: 6/6
  2395 | D:3      | Noticed a sky beast
  2443 | D:3      | Slain by a sky beast

Action                   |  1- 3 |  4- 6 || total
-------------------------+-------+-------++-------
Melee: Mace              |   123 |    81 ||   204
       Flail             |       |     6 ||     6
Invok: Depart the Abyss  |     1 |       ||     1
  Use: Potion            |       |     5 ||     5
 Stab: Sleeping          |     1 |       ||     1
  Eat: Chunk             |     1 |     5 ||     6
